 Dungeon Crawl Stone Soup version 0.22.1-5-g62c59d919a (webtiles) character file.

18 Ihlosi the Firebug (level 2, 0/24 HPs)
             Began as a Kobold Fire Elementalist on Jan 12, 2019.
             Slain by a ball python (1 damage)
             ... on level 1 of the Dungeon.
             The game lasted 00:01:31 (315 turns).

Ihlosi the Firebug (Kobold Fire Elementalist)        Turns: 315, Time: 00:01:31

Health: 0/24       AC:  2    Str: 10    XL:     2   Next: 85%
Magic:  0/5        EV: 12    Int: 12    God:
Gold:   32         SH:  0    Dex: 15    Spells: 4/5 levels left

rFire    + . .     SeeInvis .   f - +0 short sword
rCold    . . .     Gourm    .   (shield restricted)
rNeg     . . .     Faith    .   a - +0 robe
rPois    .         Spirit   .   (no helmet)
rElec    .         Reflect  .   (no cloak)
rCorr    .         Harm     .   (no gloves)
MR       .....     Clarity  +   (no boots)
Stlth    ..........             (no amulet)
HPRegen  0.08/turn              e - ring of protection from fire
MPRegen  0.09/turn              (no ring)

@: berserking, constricted, very quick
A: small, carnivore, clarity, dopey 2
a: no special abilities


You were on level 1 of the Dungeon.
You were very full.

You visited 1 branch of the dungeon, and saw 1 of its levels.

You collected 32 gold pieces.

Inventory:

Hand Weapons
 f - a +0 short sword (weapon)
Armour
 a - a +0 robe (worn)
Jewellery
 e - a ring of protection from fire (left hand)
Scrolls
 d - a scroll of amnesia {unknown}
Comestibles
 c - a ration


   Skills:
 * Level 0.4 Fighting
 * Level 2.5 Dodging
 * Level 2.8 Stealth
 * Level 2.3 Spellcasting
 * Level 1.2 Conjurations
 * Level 3.4 Fire Magic


You had 4 spell levels left.
You knew the following spells:

 Your Spells              Type           Power        Failure   Level  Hunger
a - Flame Tongue          Conj/Fire      #....        10%         1    ##.....

Your spell library contained the following spells:

 Spells                   Type           Power        Failure   Level  Hunger
 Throw Flame              Conj/Fire      #.....       16%         2    ###....
 Conjure Flame            Conj/Fire      #.......     30%         3    ####...
 Inner Flame              Hex/Fire       #.......     36%         3    ####...
 Sticky Flame             Conj/Fire      #.......     69%         4    #####..
 Fireball                 Conj/Fire      #.........   95%         5    ######.


Dungeon Overview and Level Annotations

Branches:
Dungeon (1/15)

Altars:


Innate Abilities, Weirdness & Mutations

You are small and have problems with some larger weapons.
You are carnivorous and can eat meat at any time.
You possess an exceptional clarity of mind.
You are very dopey. (Int -4)


Message History

Casting: Flame Tongue (safe; 8% risk of failure)
Confirm with . or Enter, or press ? or * to list all spells.
Aiming: Flame Tongue (safe; 8% risk of failure)
Press: ? - help, Shift-Dir - straight line, f - ball python
Aim: a ball python (constricting you)
The flame tongue misses the ball python.
The ball python closely misses you. The ball python constricts you.
The ball python bites you.
* * * LOW HITPOINT WARNING * * *
x2 The ball python constricts you.
It was a potion of mutation.
You feel extremely strange.
You feel stupid. x2; Your thoughts seem clearer.
The ball python closely misses you.
* * * LOW HITPOINT WARNING * * *
The ball python constricts you.
Your magical contamination has completely faded away.
It was a potion of berserk rage.
A red film seems to cover your vision as you go berserk!
You feel yourself moving faster!
You feel mighty! The ball python misses you.
You die...

#.....# #.....#
#.....# ... #.....#
...... #.....# ..
.....######.....#
..#.
#.##.#..........#
.....#.##.#.....@S#
#....#.##.#.......#
#....#.##.###.)...#
#.#..#.##'###†#####
#.#.........#.# ###
#.#.#.......#.#.....
..>.#..........$#
(.)............#.#
..........###..# $!


You could see a ball python.

Vanquished Creatures
  2 dart slugs (D:1)
  A bat (D:1)
  A giant cockroach (D:1)
  4 hobgoblins (D:1)
  2 kobolds (D:1)
  2 rats (D:1)
12 creatures vanquished.

Notes
Turn   | Place    | Note
-------+----------+-------------------------------------------
     0 | D:1      | Ihlosi the Kobold Fire Elementalist began the quest for the
                  | Orb.
     0 | D:1      | Reached XP level 1. HP: 10/10 MP: 3/3
   100 | D:1      | Reached XP level 2. HP: 15/15 MP: 1/5
   314 | D:1      | Gained mutation: You are dopey. (Int -2) [potion of
                  | mutation]
   314 | D:1      | Gained mutation: You are very dopey. (Int -4) [potion of
                  | mutation]
   314 | D:1      | Gained mutation: You possess an exceptional clarity of
                  | mind. [potion of mutation]
   315 | D:1      | Slain by a ball python

Action                   || total
-------------------------++-------
Melee: Short sword       ||    10
       Unarmed           ||     9
 Cast: Flame Tongue      ||    20
  Use: Potion            ||     2
  Eat: Chunk             ||     6
Armor: Robe              ||     1
Dodge: Dodged            ||    22
